 Dungeon Crawl Stone Soup version 0.22-a0-443-g17c3723 (webtiles) character file.

11 DrEnzyme the Grave Robber (level 2, 0/19 HPs)
             Began as a Demonspawn Wanderer on May 31, 2018.
             Slain by a goblin
             ... wielding a +0 club
             ... led by Robin
              (3 damage)
             ... on level 1 of the Dungeon.
             The game lasted 00:05:33 (1485 turns).

DrEnzyme the Grave Robber (Demonspawn Wanderer)     Turns: 1485, Time: 00:05:35

Health: 0/19       AC:  2    Str: 11    XL:     2   Next: 17%
Magic:  2/2        EV: 11    Int: 12    God:
Gold:   42         SH:  0    Dex: 14    Spells: 0/1 levels left

rFire    + . .     SeeInvis .   b - +0 quarterstaff
rCold    . . .     Gourm    .   (shield currently unavailable)
rNeg     . . .     Faith    .   d - +0 robe
rPois    .         Spirit   .   (no helmet)
rElec    .         Reflect  .   (no cloak)
rCorr    .         Harm     .   (no gloves)
MR       .....                  (no boots)
Stlth    ++........             (no amulet)
HPRegen  0.06/turn              (no ring)
MPRegen  0.08/turn              (no ring)

@: no status effects
A: fire resistance 1
a: no special abilities


You were on level 1 of the Dungeon.
You were hungry.

You visited 1 branch of the dungeon, and saw 2 of its levels.

You collected 42 gold pieces.

Inventory:

Hand Weapons
 b - a +0 quarterstaff (weapon)
 e - a +0 dagger
Armour
 d - a +0 robe (worn)
Jewellery
 l - an uncursed ring of see invisible {unknown}
Scrolls
 a - a scroll of magic mapping {unknown}
 c - a scroll of teleportation
 i - 3 scrolls of identify {unknown}
 k - a scroll of enchant weapon {unknown}
Potions
 g - a potion of magic {unknown}
 h - a potion of mutation {unknown}
Comestibles
 f - 3 rations


   Skills:
 + Level 3.0 Staves
 + Level 3.0 Stealth
 * Level 0.1 Spellcasting
 + Level 3.2 Necromancy
   Level 1.0 Evocations


You couldn't memorise any spells.
You knew the following spells:

 Your Spells              Type           Power        Failure   Level  Hunger
a - Animate Skeleton      Necr           N/A          9%          1    ##.....

Your spell library contained the following spells:

 Spells                   Type           Power        Failure   Level  Hunger
 Animate Dead             Necr           N/A          65%         4    #####..
 Pain                     Necr           #...         9%          1    ##.....
 Vampiric Draining        Necr           #.........   26%         3    ####...
 Regeneration             Chrm/Necr      #.........   45%         3    ####...


Dungeon Overview and Level Annotations

Branches:
Dungeon (2/15)

Altars:
Xom

Annotations:
D:2 exclusion: adder, Robin


Innate Abilities, Weirdness & Mutations

Your flesh is heat resistant. (rF+)


Message History

The goblin hits you with a dagger. The hobgoblin hits you.
Robin throws the goblin at you! The goblin barely misses you.
The goblin hits you. The hobgoblin closely misses you.
The goblin hits you with a dagger. The goblin misses you.
The goblin shouts! x2
Found a whip and 24 sling bullets.
There is a stone staircase leading up here.
The goblin hits you with a club. The goblin closely misses you.
The hobgoblin closely misses you. Robin throws the goblin at you!
The goblin closely misses you. The goblin hits you with a dagger.
The goblin barely misses you.
You climb upwards.
There is a stone staircase leading down here.
You closely miss the goblin. The goblin hits you with a dagger.
* * * LOW HITPOINT WARNING * * *
The goblin hits you but does no damage. The goblin closely misses you.
The goblin hits you.
* * * LOW HITPOINT WARNING * * *
The goblin hits you with a club.
You die...

#.# #.......########
######.#######..............#
.....#...........Z....###########
####.#########.######Z#..........
#.##......#.# #.#.########.
##.##.####.#.# #.#.# #. #.....##
#.#.# #.#.# ####.
###.###..###.#.######.#.# #....
...........#.#gg@g....#.#####.###
.........<.#...ggg.........>#.#..
..#######..############.###.#.#.#
..##...##..#..........Z.# #.#.#.#
..#.'##.#..#.#..###########.#.#.#
..#.#>#.#..#.#..............#.#.#
..'.###.#..#.#.##############.#.#
..##...##..#.#....).........#.#.#
..#####'#..#.#..###########.#.#.#


You could see a hobgoblin and 5 goblins.

Vanquished Creatures
  2 bats (D:1)
  2 goblins (D:1)
  2 hobgoblins (D:1)
  3 frilled lizards (D:1)
  A kobold (D:1)
  2 rats (D:1)
12 creatures vanquished.

Notes
Turn   | Place    | Note
-------+----------+-------------------------------------------
     0 | D:1      | DrEnzyme the Demonspawn Wanderer began the quest for the Orb.
     0 | D:1      | DrEnzyme set off with: a +0 quarterstaff, a scroll of teleportation, a +0 robe, a +0 dagger, a ration
     0 | D:1      | Reached XP level 1. HP: 13/13 MP: 1/1
   435 | D:1      | Found a shimmering altar of Xom.
   667 | D:1      | Gained mutation: Your flesh is heat resistant. (rF+) [demonic ancestry]
   667 | D:1      | Reached XP level 2. HP: 19/19 MP: 2/2
   670 | D:1      | Learned a level 1 spell: Animate Skeleton
  1482 | D:2      | Noticed Robin
  1485 | D:1      | Slain by a goblin

Vault maps used:
D:1:      minmay_arrival_stone_box, xom_teletrap_fun
D:2:      kb_forest_paths, chequers_ecumenical_altar_simple_redux, uniq_robin

Skill      XL: |  1  2 |
---------------+-------+-----
Stealth        | 3 |  3.0
Staves         | 3 |  3.0
Spellcasting   | |  0.1
Necromancy     | |  3.2
Evocations     | |  1.0

Action                   || total
-------------------------++-------
Melee: Quarterstaff      ||    38
 Cast: Animate Skeleton  ||     2
 Stab: Sleeping          ||     1
  Eat: Chunk             ||     1
Armor: Robe              ||    13
Dodge: Dodged            ||    36

Table legend:
 A = Spawn XP
 B = Non-spawn XP
 C = Spawn XP percentage of total XP
 D = Spawn monster count
 E = Non-spawn monster count
 F = Spawn count percentage of total count
 G = Total turns spent on level
                    A         B        C        D         E        F      G
               +---------+---------+-------+---------+---------+-------+---------
         Total |       0 |      17 |   0.0 |       0 |      12 |   0.0 |  1485
               +---------+---------+-------+---------+---------+-------+---------
           D:1 |       0 |      17 |   0.0 |       0 |      12 |   0.0 |  1465
               +---------+---------+-------+---------+---------+-------+---------
